 Dungeon Crawl Stone Soup version 0.29.0-13-gc9e81de378 (webtiles) character file.

Game seed: 74362052433123790

4 SnakkuSnakku7 the Shooter (level 1, -4/18 HPs)
             Began as a Djinni Hunter on Sept 10, 2022.
             Slain by a gnoll
             ... wielding a +0 spear
              (9 damage)
             ... on level 1 of the Dungeon.
             The game lasted 00:00:14 (106 turns).

SnakkuSnakku7 the Shooter (Djinni Hunter)            Turns: 106, Time: 00:00:16

Health: -4/18      AC:  3    Str: 10    XL:     1   Next: 77%
Gold:   27         EV:  9    Int: 10    God:
                   SH:  0    Dex: 16

rFire   + + .      SeeInvis .   a - +0 shortbow
rCold   x . .      Faith    .   (shield currently unavailable)
rNeg    . . .      Spirit   .   c - +0 leather armour
rPois   ∞          Reflect  .   (no helmet)
rElec   .          Harm     .   (no cloak)
rCorr   .          Rampage  .   (no gloves)
Will    .....                   (boots unavailable)
Stlth   +.........              (no amulet)
HPRegen 0.06/turn               (no ring)
MPRegen 0.00/turn               (no ring)

@: flying, constricted
A: sickness immunity, fire resistance 2, cold vulnerability 1, float, innate
caster, HP casting, extra vitality 1
a: no special abilities


You were on level 1 of the Dungeon.
You visited 1 branch of the dungeon, and saw 1 of its levels.

You collected 27 gold pieces.

Inventory:

Hand Weapons
 a - a +0 shortbow (weapon)
Armour
 c - a +0 leather armour (worn)
Scrolls
 b - a scroll of immolation
 e - a scroll of teleportation {unknown}
Potions
 d - a potion of curing {unknown}
 f - a potion of mutation {unknown}


   Skills:
 - Level 2.0 Fighting
 + Level 3.5 Ranged Weapons
 - Level 2.1 Dodging
 - Level 0.7 Stealth


You couldn't memorise any spells.
You didn't know any spells.
Your spell library was empty.

Dungeon Overview and Level Annotations

Branches:
Dungeon (1/15)

Altars:


Innate Abilities, Weirdness & Mutations

You are immune to sickness and miasma.
You are immune to poison.
Your flesh is very heat resistant. (rF++)
You are vulnerable to cold. (rC-)
You float through the air rather than walking.
You learn spells naturally, not from books.
Your magical power is your life essence.
You have superior vitality. (+4 MHP)


Message History

The gnoll shouts!
The gnoll is lightly wounded.
A goblin comes into view. It is wielding a +0 club.
A ball python comes into view.
You shoot an arrow. The arrow barely misses the goblin.
The goblin shouts!
The ball python hisses angrily.
An endoplasm comes into view.
You shoot an arrow. The arrow closely misses the goblin.
The goblin barely misses you.
You shoot an arrow. The arrow hits the goblin.
The goblin is severely wounded.
The gnoll hits you from afar with a +0 spear!
The goblin misses you. The goblin attacks as you move away!
The goblin hits you with a +0 club.
There is an open door here.
You are too injured to fight recklessly!
Fire: a) +0 shortbow
Press: ? - help, Q - select action Shift-Dir - straight line, f/p - goblin
Aim: a goblin, wielding a +0 club (heavily wounded, 55% to hit)
You shoot an arrow. The arrow hits the goblin.
You kill the goblin!
Unknown command.
Fire: a) +0 shortbow
Press: ? - help, Q - select action Shift-Dir - straight line, f - endoplasm
Aim: an endoplasm (86% to hit)
You shoot an arrow. The arrow hits the endoplasm!
You kill the endoplasm!
Unknown command.
Fire: a) +0 shortbow
Press: ? - help, Q - select action Shift-Dir - straight line, f - ball python
Aim: a ball python (58% to hit)
You shoot an arrow. The arrow hits the ball python.
The ball python is heavily wounded.
The ball python barely misses you. The ball python grabs you.
The ball python constricts you. The ball python bites you.
* * * LOW HITPOINT WARNING * * *
The ball python constricts you.
The gnoll hits you from afar with a +0 spear!
Ouch! That really hurt!
You die...

#####.....# .........
.......# ......#
.....# # #....# ...
#....#
#######...#######....#
###...).#
#...@Sg.'....+
##...##.##
#########....#
##..####..## #....#
#..## ##.<# #....#
#.## #..#
#######...†## ..#
##..# #...........#
..## ##..##
#...........#
...####...#
#...........#
....#....##
#...........#


You could see a gnoll and a ball python.

Vanquished Creatures
  An endoplasm (D:1)
  A goblin (D:1)
  A hobgoblin (D:1)
  A frilled lizard (D:1)
4 creatures vanquished.

Notes
Turn   | Place    | Note
-------+----------+-------------------------------------------
     0 | D:1      | SnakkuSnakku7 the Djinni Hunter began the quest for the
                  | Orb.
     0 | D:1      | Reached XP level 1. HP: 18/18 MP: 0/0
   106 | D:1      | Slain by a gnoll

Illustrated notes

Levels and vault maps discovered:
D:1:      dpeg_arrival_round_b, layout_basic, basic_ecumenical_altar

Action                   || total
-------------------------++-------
 Fire: Shortbow          ||    12
Dodge: Dodged            ||     3
